 Dungeon Crawl Stone Soup version 0.31-a0-925-g0a390f2509 (webtiles) character file.

Game seed: 16408986489913903525

7452 Xavori the Covert (level 11, -4/85 HPs)
             Began as an Octopode Chaos Knight on Oct 18, 2023.
             Was a Plaything of Xom.
             Slain by a gargoyle
             ... wielding a +0 mace
              (14 damage)
             ... on level 10 of the Dungeon.
             The game lasted 00:15:06 (13522 turns).

Xavori the Covert (Octopode Chaos Knight)          Turns: 13522, Time: 00:15:07

Health: -4/85      AC:  8    Str: 11    XL:     11   Next: 15%
Magic:  0/11       EV: 17    Int: 16    God:    Xom [....*.]
Gold:   479        SH:  4    Dex: 15    Spells: 10/10 levels left

rFire   . . .        v - +4 short sword (chaos)
rCold   . . .        (no shield)
rNeg    . . .        (helmet currently unavailable)
rPois   .            q - amulet of guardian spirit
rElec   .            d - ring of see invisible
rCorr   .            j - +4 ring of protection
SInv    +            (no ring)
Will    .....        (no ring)
Stlth   ++++++       (no ring)
HPRegen 0.34/turn    (no ring)
MPRegen 0.12/turn    (no ring)
                     (no ring)

%: guardian spirit
@: beast-form
A: beast (slay +3), almost no armour, amphibious, 8 rings, camouflage 1,
gelatinous body 1, (nimble swimmer 1), tentacles, iridescent scales 1, large
bone plates 1, see invisible, deterioration 1, robust 1, shaggy fur 1, wild
magic 1, inability to drink after injury 1, MP-powered wands
a: Begin Untransformation, Renounce Religion


You were on level 10 of the Dungeon.
You worshipped Xom.
You were a beloved toy of Xom.
You were a hulking beast.
You visited 1 branch of the dungeon, and saw 10 of its levels.
You also visited: Ossuary.

You collected 479 gold pieces.

Inventory:

Hand Weapons
 t - a +4 dagger of speed
 v - a +4 short sword of chaos (weapon)
Jewellery
 d - a ring of see invisible (left tentacle)
 j - a +4 ring of protection (right tentacle)
 q - an amulet of guardian spirit (around mantle)
 u - a ring of wizardry
Talismans
 m - a beast talisman (active)
 w - a maw talisman
Wands
 D - a wand of flame (18)
 F - a wand of paralysis (4)
Scrolls
 b - 5 scrolls of butterflies
 c - 2 scrolls of blinking
 f - 2 scrolls of teleportation
 h - 2 scrolls of revelation
 i - 2 scrolls of amnesia
 l - 4 scrolls of noise
 o - 2 scrolls of torment
 r - 2 scrolls of enchant weapon
 y - 2 scrolls of identify
 E - a scroll of vulnerability
Potions
 a - 4 potions of degeneration {unknown}
 e - a potion of brilliance {unknown}
 g - 4 potions of invisibility
 k - 2 potions of resistance {unknown}
 n - a potion of heal wounds {unknown}
 p - 2 potions of enlightenment {unknown}
 s - a potion of attraction
 x - a potion of magic {unknown}
 z - 2 potions of might {unknown}
 A - 2 potions of cancellation {unknown}
 B - 5 potions of curing
 C - a potion of lignification {unknown}
 G - a potion of berserk rage {unknown}


   Skills:
 + Level 8.5 Fighting
 + Level 8.5 Short Blades
 + Level 8.3 Dodging
 + Level 10.7 Stealth
 + Level 5.6 Shapeshifting


You had 10 spell levels left.
You didn't know any spells.
Your spell library contained the following spells:

 Spells                   Type           Power      Damage    Failure   Level
 Apportation              Tloc           0%         N/A       34%         1
 Necrotise                Necr           0%         1d4       34%         1
 Slow                     Hex            0%         N/A       34%         1
 Summon Small Mammal      Summ           0%         N/A       34%         1
 Blink                    Tloc           0%         N/A       45%         2
 Lesser Beckoning         Tloc           0%         N/A       45%         2
 Momentum Strike          Conj/Tloc      0%         3d8       45%         2
 Confusing Touch          Hex            0%         N/A       67%         3
 Frozen Ramparts          Ice            0%         1d1       67%         3
 Hailstorm                Conj/Ice       0%         3d3       67%         3
 Sigil of Binding         Hex            0%         N/A       67%         3
 Summon Guardian Golem    Hex/Summ       0%         N/A       67%         3
 Vampiric Draining        Necr           0%         2d6       67%         3
 Animate Dead             Necr           0%         N/A       96%         4
 Petrify                  Tmut/Erth      0%         N/A       96%         4
 Summon Ice Beast         Ice/Summ       0%         N/A       96%         4
 Alistair's Intoxication  Tmut/Pois      0%         N/A       100%        5
 Metabolic Englaciation   Hex/Ice        0%         N/A       100%        5
 Simulacrum               Ice/Necr       0%         N/A       100%        6
 Orb of Destruction       Conj           0%         9d5       100%        7
 Spellforged Servitor     Conj/Summ      0%         N/A       100%        7


Dungeon Overview and Level Annotations

Branches:
Dungeon (10/15)           Ossuary (visited)
 Temple: D:4-7         Lair: D:8-11         Orc: D:9-12

Altars:
Ashenzari
Cheibriados
Elyvilon
Makhleb
Okawaru
Ru
Sif Muna
Trog
Uskayaw
Wu Jian
Xom
Yredelemnul
Zin

Shops:
D:2 :   D:3 (   D:6 [(

Annotations:
D:4 1 runed translucent door, Crazy Yiuf


Innate Abilities, Weirdness & Mutations

You are a hulking beast.
Your limbs bulge with bestial killing power. (Slay +3)
You cannot wear most types of armour.
You are amphibious.
You can wear up to eight rings at the same time.
Your skin changes colour to match your surroundings (Stealth+).
Your rubbery body absorbs attacks. (AC +1, EV +1)
((You are camouflaged when in or above water. (Stealth+)))
You have tentacles for arms and can constrict up to eight enemies at once.
You are partially covered in iridescent scales. (AC +2)
You are partially covered in large bone plates. (SH +4)
You have supernaturally acute eyesight. (SInv)
Your body sometimes deteriorates upon taking damage.
You are robust. (+10% HP)
You are covered in fur. (AC +1)
Your spells are a little harder to cast, but a little more powerful.
You occasionally lose the ability to drink potions when taking damage.
You expend magic power (3 MP) to strengthen your wands.


Message History

The gargoyle is moderately damaged.
You constrict the gargoyle. The gargoyle barely misses you.
You hit the gargoyle but do no damage.
You tentacle-slap the gargoyle, but do no damage.
The gargoyle is moderately damaged.
You constrict the gargoyle, but do no damage. "Serve the toy, my child!"
The gargoyle hits you with a +0 mace!!
You are too injured to fight recklessly!
You hit the gargoyle but do no damage.
The gargoyle is moderately damaged.
You constrict the gargoyle, but do no damage.
Aiming: Paralyse
Press: ? - help, Shift-Dir - straight line, f - gargoyle
Aim: a gargoyle, wielding a +0 mace (moderately damaged, constricted by you, strong, unusually agile, ally target, chance to affect: 35%)
The gargoyle easily resists.
You constrict the gargoyle, but do no damage.
The gargoyle barely misses you.
Aiming: Paralyse
Press: ? - help, Shift-Dir - straight line, f/p - gargoyle
Aim: a gargoyle, wielding a +0 mace (moderately damaged, constricted by you, strong, unusually agile, ally target, chance to affect: 31%)
The gargoyle easily resists.
You constrict the gargoyle, but do no damage.
The gargoyle completely misses you.
Aiming: Paralyse
Press: ? - help, Shift-Dir - straight line, f/p - gargoyle
Aim: a gargoyle, wielding a +0 mace (moderately damaged, constricted by you, strong, unusually agile, ally target, chance to affect: 31%)
The gargoyle easily resists.
You constrict the gargoyle. The gargoyle hits you with a +0 mace!!
* * * LOW HITPOINT WARNING * * *
Your crimson imp hits the gargoyle but does no damage.
Unknown command.
Aiming: Paralyse
Press: ? - help, Shift-Dir - straight line, f/p - gargoyle
Aim: a gargoyle, wielding a +0 mace (heavily damaged, constricted by you, strong, unusually agile, ally target, chance to affect: 31%)
The gargoyle easily resists.
You constrict the gargoyle, but do no damage.
The gargoyle hits you with a +0 mace!
You die...
Xom giggles madly!

##### #...#
######...#
.
......95.#
. #h.#### #
#.....# #
#..#
#.....# +
#..#
#.....# #
#..#
#..>..#
########..#
#.....#
..........#
#.....#
##'###....#
#.#####
#....#....#
#.#


You could see a gargoyle (strong, agile, ally target) and a friendly crimson imp
(summoned).

Vanquished Creatures
  Joseph (D:7)
  Maggie (D:8)
  A kobold demonologist (D:6)
  A polar bear (D:8)
  Prince Ribbit (D:7)
  A wraith (D:7)
  A wyvern (D:8)
  Grum (D:8)
  A steam dragon (D:9)
  2 acid dragons
  A water moccasin (D:9)
  Duvessa (D:4)
  2 black bears
  2 orc warriors
  4 ice beasts
  3 sky beasts
  An ogre (D:4)
  3 wolves (D:8)
  4 centaurs
  A phantom (D:7)
  5 scorpions
  3 bullfrogs
  A gnoll sergeant (D:6)
  Dowan (D:4)
  12 wights
  8 killer bees
  2 howler monkeys (D:8)
  An electric eel (D:8)
  A jelly (D:8)
  5 orc priests
  A wyvern simulacrum (D:8)
  4 gnoll boudas
  4 hounds (D:6)
  3 sleepcaps
  6 iguanas
  18 orc wizards
  3 mummies (Ossuary)
  3 adders
  19 gnolls
  2 shadow imps
  5 white imps
  A howler monkey simulacrum (D:8)
  3 ufetubi
  4 adder zombies (Ossuary)
  4 worms
  A dart slug (D:1)
  39 orcs
  5 endoplasms
  2 giant cockroaches
  8 goblins
  5 hobgoblins
  10 jackals
  A quokka (D:1)
  2 ball pythons
  4 bats
  2 frilled lizards (D:1)
  4 goblin zombies (Ossuary)
  4 hobgoblin zombies (Ossuary)
  6 kobolds
  3 kobold zombies (Ossuary)
  2 quokka zombies (Ossuary)
  9 rats
  A rat zombie (Ossuary)
260 creatures vanquished.

Vanquished Creatures (collateral kills)
  A steam dragon (D:5)
  A wolf (D:8)
  An orc wizard (D:7)
  2 orcs (D:6)
  A training dummy (D:6)
6 creatures vanquished.

Vanquished Creatures (others)
  An adder (D:5)
1 creature vanquished.

Grand Total: 267 creatures vanquished

Notes
Turn   | Place    | Note
-------+----------+-------------------------------------------
     0 | D:1      | Xavori the Octopode Chaos Knight began the quest for the
                  | Orb.
     0 | D:1      | Reached XP level 1. HP: 16/16 MP: 1/1
   154 | D:1      | Reached XP level 2. HP: 18/21 MP: 2/2
   669 | D:1      | Reached XP level 3. HP: 26/26 MP: 3/3
   786 | D:2      | XOM: noise
  1220 | D:1      | XOM: cloud trail
  1546 | D:1      | XOM: god gift: 9 stones
  1769 | D:1      | XOM is BORED!
  1769 | D:1      | XOM: noise
  2596 | D:1      | XOM is BORED!
  2596 | D:1      | XOM: summons 4 hostile shadow creatures
  2650 | D:1      | XOM: give mutation
  2650 | D:1      | Gained mutation: You are covered in fur. (AC +1) [Xom's
                  | grace]
  3029 | D:1      | XOM: torment (14/26 hp)
  3677 | D:1      | XOM: summons 2 hostile demons
  4070 | D:1      | XOM: give mutation
  4070 | D:1      | Gained mutation: Your muscles are strong. (Str +4, Int/Dex
                  | -1) [Xom's mischief]
  4474 | D:1      | XOM: give mutations
  4474 | D:1      | Gained mutation: You are agile. (Dex +4, Str/Int -1) [Xom's
                  | mischief]
  4474 | D:1      | Gained mutation: Your spells are a little harder to cast,
                  | but a little more powerful. [Xom's mischief]
  5015 | D:2      | Found Talyisou's Book Shop.
  5703 | D:3      | Reached XP level 4. HP: 32/32 MP: 4/4
  5744 | D:3      | Reached skill level 1 in Stealth
  5897 | D:3      | Found a bloodstained altar of Trog.
  6072 | D:3      | Identified the +4 spear of Ijeresch {flame, Str+3 Int-3
                  | Dex+8}
  6167 | D:3      | Found a faded altar of an unknown god.
  6265 | D:3      | Found a sacrificial altar of Ru.
  6286 | D:3      | Found Ihiof's Weapon Shop.
  6507 | D:4      | Found a runed translucent door.
  6508 | D:4      | Noticed Crazy Yiuf
  6553 | D:4      | Found a white marble altar of Elyvilon.
  6582 | D:4      | XOM: noise
  6608 | D:4      | Noticed an ogre
  6614 | D:4      | Killed an ogre
  6615 | D:4      | Reached skill level 2 in Stealth
  6615 | D:4      | Reached XP level 5. HP: 11/37 MP: 1/5
  6790 | D:4      | XOM: 4-stop teleportation journey
  6858 | D:4      | Reached skill level 3 in Stealth
  6858 | D:4      | Reached XP level 6. HP: 40/43 MP: 4/6
  6860 | D:4      | XOM: chaos cloud
  6861 | D:4      | Noticed a +0 falchion
  6861 | D:4      | Noticed a +0 dagger
  6907 | D:4      | XOM: give mutations
  6907 | D:4      | Lost mutation: You are agile. (Dex +4, Str/Int -1) [Xom's
                  | mischief]
  6907 | D:4      | Gained mutation: You expend magic power (3 MP) to
                  | strengthen your wands. [Xom's mischief]
  6909 | D:4      | XOM: give mutation
  6909 | D:4      | Gained mutation: You are partially covered in iridescent
                  | scales. (AC +2) [Xom's mischief]
  6938 | D:4      | XOM: noise
  6987 | D:4      | Noticed a +0 spear
  6991 | D:4      | Noticed a +0 dagger
  6991 | D:4      | Noticed a +0 short sword
  6993 | D:4      | Noticed a +0 short sword
  6994 | D:4      | Noticed a +0 falchion
  6995 | D:4      | Noticed a +0 spear
  6996 | D:4      | Found a hide-covered altar of Uskayaw.
  7047 | D:4      | XOM: draining
  7089 | D:4      | Noticed Duvessa
  7090 | D:4      | Noticed Dowan
  7091 | D:4      | XOM: chaos upgrade
  7102 | D:4      | Killed Duvessa
  7106 | D:4      | Killed Dowan
  7107 | D:4      | Reached skill level 4 in Stealth
  7217 | D:5      | Entered Level 5 of the Dungeon
  7219 | D:5      | Reached XP level 7. HP: 49/49 MP: 7/7
  7561 | D:5      | Reached skill level 5 in Fighting
  7561 | D:5      | Reached skill level 5 in Short Blades
  7683 | D:5      | Reached skill level 5 in Stealth
  7767 | D:5      | XOM: scenery: create altars
  7779 | D:5      | Reached skill level 5 in Dodging
  7785 | D:5      | Reached XP level 8. HP: 51/55 MP: 5/8
  8087 | D:5      | XOM: divination: detect creatures
  8100 | D:5      | XOM: smoke on damage
  8109 | D:5      | XOM: summons 2 friendly demons
  8434 | D:6      | Reached skill level 6 in Stealth
  8444 | D:6      | XOM: potion effect (attraction)
  8597 | D:6      | Reached skill level 1 in Shapeshifting
  8603 | D:6      | Found Paitu's Firing Range.
  8698 | D:6      | Noticed a kobold demonologist
  8701 | D:6      | XOM: silly message
  8722 | D:6      | XOM: potion effect (heal wounds)
  8731 | D:6      | Noticed a sun demon
  8743 | D:6      | XOM: divination: magic mapping
  8757 | D:6      | XOM: silly message
  8913 | D:6      | Reached skill level 7 in Stealth
  8915 | D:6      | Reached XP level 9. HP: 62/62 MP: 9/9
  8921 | D:6      | XOM: divination: detect items
  8928 | D:6      | XOM: summons friendly crimson imp
  8947 | D:6      | XOM: 1-stop teleportation journey
  9025 | D:6      | XOM: divination: magic mapping
  9028 | D:6      | Killed a kobold demonologist
  9043 | D:6      | Found Wauddozu's Antique Armour Emporium.
  9061 | D:6      | XOM: divination: magic mapping
  9405 | D:6      | XOM: give mutations
  9405 | D:6      | Gained mutation: You are somewhat resistant to further
                  | mutation. [Xom's grace]
  9405 | D:6      | Gained mutation: You are partially covered in large bone
                  | plates. (SH +4) [Xom's grace]
  9405 | D:6      | Gained mutation: You are covered in thick fur. (AC +2)
                  | [Xom's grace]
  9405 | D:6      | Gained mutation: You are robust. (+10% HP) [Xom's grace]
  9601 | D:7      | Noticed a boulder beetle
  9610 | D:7      | Reached skill level 8 in Stealth
  9618 | D:7      | XOM: destruction
  9628 | D:7      | XOM: scenery: summon butterflies
  9951 | D:7      | XOM: confuse monster(s)
  9971 | D:7      | XOM: destruction
  9972 | D:7      | XOM: summons friendly shadow imp
 10173 | D:6      | Reached XP level 10. HP: 46/78 MP: 5/10
 10273 | D:7      | Noticed Prince Ribbit
 10273 | D:7      | XOM: 2-stop teleportation journey
 10285 | D:7      | XOM: enchant monster (bad)
 10293 | D:7      | Killed Prince Ribbit
 10294 | D:7      | Reached skill level 9 in Stealth
 10305 | D:7      | XOM: potion effect (haste)
 10442 | D:7      | XOM: cast spell 'Summon Horrible Things'
 10487 | D:7      | XOM: cast spell 'Dispersal'
 10509 | D:7      | You fall into a shaft and drop 2 floors!
 10509 | D:9      | Identified the of Hamuups
 10577 | D:9      | XOM: 1-stop teleportation journey
 10641 | D:8      | XOM: scenery: 1 doors close
 10671 | D:8      | XOM: silly message
 10687 | D:8      | Found a basalt altar of Yredelemnul.
 10765 | D:8      | Noticed Maggie
 10774 | D:8      | Killed Maggie
 10793 | D:8      | Noticed Grum
 10794 | D:8      | XOM: swap monsters
 10797 | D:8      | XOM: summons 8 friendly demons
 10817 | D:8      | Killed Grum
 10818 | D:8      | Reached skill level 10 in Stealth
 10818 | D:8      | Reached skill level 5 in Shapeshifting
 10836 | D:8      | Found a glowing silver altar of Zin.
 10886 | D:8      | Found a sand-covered staircase.
 10890 | Ossuary  | Entered an ossuary
 11186 | D:8      | XOM: summons 3 hostile shadow creatures
 11269 | D:8      | XOM: confusion
 11273 | D:8      | XOM: 1-stop teleportation journey
 11330 | D:7      | Noticed Joseph
 11333 | D:7      | XOM: confusion
 11335 | D:7      | XOM: blink monster(s)
 11350 | D:7      | Killed Joseph
 11443 | D:7      | Found an ornate altar of the Wu Jian Council.
 11444 | D:7      | Found a broken altar of Ashenzari.
 11446 | D:7      | Found an iron altar of Okawaru.
 11546 | D:7      | XOM: chaos cloud
 11558 | D:7      | XOM: butterfly on damage
 11558 | D:7      | XOM: butterfly on damage
 11677 | D:8      | XOM: give mutations
 11677 | D:8      | Gained mutation: You have supernaturally acute eyesight.
                  | (SInv) [Xom's mischief]
 11677 | D:8      | Lost mutation: Your muscles are strong. (Str +4, Int/Dex
                  | -1) [Xom's mischief]
 11677 | D:8      | Gained mutation: You occasionally lose the ability to drink
                  | potions when taking damage. [Xom's mischief]
 11683 | D:8      | XOM: fake destruction
 11690 | D:8      | Reached XP level 11. HP: 56/84 MP: 8/11
 11832 | D:8      | XOM: give mutations
 11832 | D:8      | Lost mutation: You are covered in thick fur. (AC +2) [Xom's
                  | mischief]
 11832 | D:8      | Gained mutation: Your body sometimes deteriorates upon
                  | taking damage. [Xom's mischief]
 11832 | D:8      | Lost mutation: You are somewhat resistant to further
                  | mutation. [Xom's mischief]
 11937 | D:8      | Found a burning altar of Makhleb.
 12420 | D:9      | XOM: chaos cloud
 12601 | D:9      | Found a snail-covered altar of Cheibriados.
 12890 | D:9      | Found a shimmering blue altar of Sif Muna.
 12942 | D:9      | XOM: cloud trail
 12957 | D:9      | Identified the +2 pair of boots "Ecol" {rN+ Int+3 SInv}
 13299 | D:10     | Entered Level 10 of the Dungeon
 13517 | D:10     | XOM: summons friendly crimson imp
 13522 | D:10     | Slain by a gargoyle

Illustrated notes

Levels and vault maps discovered:
D:1:      evilmike_arrival_fibonacci_small, layout_basic, minmay_liquid_box,
          corexii_item_surrounded_by_moat
D:2:      layout_basic, serial_shops, nicolae_book_shop_shelving
D:3:      layout_loops_corners, trog_antimagical,
          nicolae_overflow_ecumenical_swirl, serial_shops, shop
D:4:      layout_loops_ring, worldfamousw_hep_ancestral_shrine,
          nicolae_uskayaw_en_pointe, nicolae_elyvilon_temple_path,
          minmay_temple_entry_enclosed_plants, gammafunk_ghost_necromancy,
          uniq_crazy_yiuf_cottage, uniq_duvessa, uniq_pikel
D:5:      layout_layer_cave
D:6:      minmay_chambers_of_threes, layout_basic, serial_shops, shop_statue,
          kennysheep_big_empty_room, nicolae_shop_firing_range
D:7:      minmay_flawed_box, layout_cave_pools, grunt_temple_overflow_open,
          fedhas_altar_decomposition, uniq_joseph, uniq_prince_ribbit1
D:8:      layout_basic, lemuel_doored_altar, zin_treasury,
          kennysheep_little_box, nicolae_ossuary_entry_false_entrances,
          serial_ice, serial_ice_b, serial_ice_f, serial_ice_i, serial_ice_h,
          uniq_grum, uniq_maggie
D:9:      layout_basic, tgw_sif, mainiacjoe_overflow_24_doors,
          serial_co_window_serial, co_window_corner_a, co_window_corner_a,
          co_window_of_opportunity_a, co_window_of_opportunity_a,
          co_window_paths_a, co_window_paths_a, co_window_paths_a,
          co_window_paths_c, co_window_of_opportunity_b, co_window_broadway_a,
          co_window_unsneaky_path_a, co_window_2corner, co_window_corner_cb,
          glass_columns_c, glass_columns_a, glass_columns_b, glass_columns_a
D:10:     layout_irregular_city, lemuel_coloured_pillars_altar,
          mainiacjoe_overflow_cross_hatched

Skill      XL: |  1  2  3  4  5  6  7  8  9 10 |
---------------+-------------------------------+-----
Dodging        | 3 4 5 7 8 |  8.3
Stealth        | 2 3 4 5 7 8 10 | 10.7
Fighting       | 4 5 6 7 8 |  8.5
Short Blades   | 4 5 6 7 8 |  8.5
Shapeshifting  | 2 3 5 |  5.6

Action                     |  1- 3 |  4- 6 |  7- 9 | 10-12 || total
---------------------------+-------+-------+-------+-------++-------
  Melee: Short sword       |    89 |    49 |   226 |   289 ||   653
         Constrict         |    22 |    10 |    62 |    61 ||   155
         Tentacles         |    16 |    19 |    70 |    83 ||   188
         Punch             |     2 |     1 |     5 |     3 ||    11
         Dagger            |       |    16 |    81 |       ||    97
         Unarmed           |       |     2 |       |       ||     2
  Evoke: Wand              |       |       |       |     4 ||     4
    Use: Scroll            |       |       |    11 |     2 ||    13
         Potion            |       |       |     4 |       ||     4
   Stab: Sleeping          |    10 |     6 |     6 |    21 ||    43
         Distracted        |     1 |     1 |     1 |     3 ||     6
         Confused          |       |       |     1 |     3 ||     4
         Petrifying        |       |       |       |     1 ||     1
 Armour: Skin              |    33 |    24 |   198 |    89 ||   344
  Dodge: Dodged            |    57 |    31 |   276 |   141 ||   505
  Block: Other             |       |       |    20 |    32 ||    52
   Form: Beast             |       |       |     1 |       ||     1

Table legend: (Time is in decaauts)
 A = Elapsed time spent in this place.
 B = Non-inter-level travel time spent in this place.
 C = Inter-level travel time spent in this place.
 D = Time resting spent in this place.
 E = Time spent auto-exploring this place.
 F = Levels seen in this place.
 G = Mean time per level.
                   A        B        C        D        E       F      G
               +--------+--------+--------+--------+--------+-----+--------+
         Total |  13224 |  12912 |    312 |   5108 |   6096 |  11 | 1202.2 |
       Dungeon |  13081 |  12769 |    312 |   5108 |   6035 |  10 | 1308.1 |
       Ossuary |    143 |    143 |      0 |      0 |     61 |   1 |  143.0 |
               +--------+--------+--------+--------+--------+-----+--------+

Top non-repeatable levels by time:
     D:1: 4344 daAuts
     D:6: 1676 daAuts
     D:8: 1259 daAuts
     D:5: 1162 daAuts
     D:2: 1025 daAuts
     D:9: 1017 daAuts
     D:3: 977 daAuts
     D:4: 815 daAuts
     D:7: 591 daAuts
    D:10: 210 daAuts
 Ossuary: 143 daAuts
